Cogmind - Beta 9.4 @@@ ROGUE MODE // 2020.03.06 @ 17:54:27 Player: Finestep Result: Destroyed by L-61 Swordsman with Power Sword Performance ------------- Evolutions (6) 3000 Regions Visited (29) 5800 Robots Destroyed (509) 2545 Value Destroyed (20056) 20056 Prototype IDs (81) 1620 Alien Tech Used (0) 0 Bonus (7610) 7610 TOTAL SCORE: 40631 Bonus ------- High Alert Combat Kills 3905 Follower Combat Kills 6437 Entered Garrisons 600 Used RIF Installer 1500 Network Hubs Disabled 200 Aligned with FarCom 300 Met Data Miner 300 Built Enhanced Grunts 300 A7 Reached Mainframe 300 Met R17 at Cetus 500 Friendly Fire -6732 Cogmind --------- Core Integrity 0/1150 Matter 254/300 Energy 75/100 System Corruption 6% Temperature Cool (0) Movement Core (150) Ox2 Location -4/Factory Parts ------- > --- POWER (2) -------- (None) > --- PROPULSION (5) --- (None) > --- UTILITY (9) ------ Advanced Coolant Injector Experimental Targeting Computer Quantum Capacitor Experimental Thermal Shield Advanced Hacking Suite > --- WEAPON (3) ------- (None) > --- INVENTORY (4) ---- Light Antimatter Reactor Advanced Power Amplifier Relay Coupler [Hunter] (14) Advanced Variable Charge Gun Peak State ------------ > --- POWER ------------ Particle Reactor Quantum Reactor > --- PROPULSION ------- Myomer Leg Enhanced Biometal Leg Enhanced Biometal Leg Enhanced Biometal Leg Enhanced Biometal Leg > --- UTILITY ---------- Experimental Heat Sink Large Storage Unit High-capacity Storage Unit High-capacity Storage Unit Experimental Targeting Computer Improved Target Analyzer Centrium Medium Armor Plating Advanced Focal Shield Improved Force Field > --- WEAPON ----------- EMDS Improved KE Penetrator > --- INVENTORY -------- Myomer Leg Advanced Power Amplifier Advanced Energy Well Experimental Targeting Computer Advanced Particle Charger Improved Weapon Cycler Experimental ECM Suite Experimental Phase Shifter Experimental Thermal Shield Improved Remote Shield Advanced Hacking Suite Advanced System Shield Experimental System Shield Relay Coupler [Hunter] Improved System Backup Module Advanced Variable Charge Gun Heavy Disruptor Cannon Firepult Hypervelocity Gauss Rifle Improved KE Penetrator Tesla Bomb Launcher Improved Remote Datajack Improved Remote Datajack Makeshift Axe [Rating: 150] Favorites ----------- Power Quantum Reactor Engine Heavy Ion Engine Power Core Light Fission Core Reactor Quantum Reactor Propulsion Enhanced Biometal Leg Treads Light Treads Leg Enhanced Biometal Leg Wheel Armored Huge Wheel Hover Unit Combat Airjet Utility High-capacity Storage Unit Device Advanced Heat Sink Storage High-capacity Storage Unit Processor Experimental Targeting Computer Hackware Relay Coupler [NC] Protection Powered Armor Weapon Phase Cannon Energy Gun Heavy Gatling Laser Energy Cannon Phase Cannon Ballistic Gun Gauss Rifle Launcher Tesla Bomb Launcher Special Weapon Remote Datajack Slashing Weapon Makeshift Axe Special Melee Weapon Improved Datajack Build | -11 -10 -10 -9 -9 -9 -8 -8 -8 -7 -7 -7 -7 -7 -7 -6 -6 -6 -6 -6 -6 -5 -5 -5 -5 -5 -5 -4 -4 -4 ------- Run | Scr Mat Min Mat Min Exi Min Mat Gar Fac Was Fac Gar Fac Gar Fac Was Fac Low Low Dat Pro Fac Ext Cet Arc Hub Fac Was Fac Slots Evolved 12 | . . . 2 . . . 2 . 2 . . . . . 2 . . . . . . 2 . . . . 2 . . Power 1 | . . . . . . . . . . . . . . . . . . . . . . 1 . . . . . . . Propulsion 3 | . . . . . . . 1 . . . . . . . 1 . . . . . . . . . . . 1 . . Utility 7 | . . . 2 . . . 1 . 1 . . . . . 1 . . . . . . 1 . . . . 1 . . Weapon 1 | . . . . . . . . . 1 . . . . . . . . . . . . . . . . . . . . Parts Attached 603 | 7 16 6 33 2 1 2 28 14 50 1 5 18 43 21 36 4 7 2 . . 4 51 36 23 8 40 66 3 76 Power 41 | 1 1 1 4 . . . 1 . 3 . 1 . 2 . 3 . . . . . 1 7 2 2 . 4 . 1 7 Engine 12 | 1 1 . 3 . . . 1 . 3 . 1 . 1 . 1 . . . . . . . . . . . . . . Core 16 | . . 1 1 . . . . . . . . . 1 . 2 . . . . . 1 5 1 . . . . . 4 Reactor 13 | . . . . . . . . . . . . . . . . . . . . . . 2 1 2 . 4 . 1 3 Propulsion 87 | 2 1 2 8 . . . 10 2 8 . . 1 9 . 5 1 . . . . . 10 3 2 . 6 6 . 11 Treads 41 | 1 1 1 8 . . . 6 1 3 . . 1 5 . 1 1 . . . . . 5 3 2 . 1 1 . . Leg 23 | . . 1 . . . . . 1 . . . . . . 2 . . . . . . . . . . 5 3 . 11 Wheel 16 | 1 . . . . . . 4 . 5 . . . 1 . 1 . . . . . . 4 . . . . . . . Hover 7 | . . . . . . . . . . . . . 3 . 1 . . . . . . 1 . . . . 2 . . Flight . | . . . . . . . . . . . . . . . . . . . . . . . . . . . . . . Utility 224 | 2 4 . 10 . 1 . 10 4 9 . 2 8 14 11 16 2 4 1 . . 3 11 16 9 6 19 28 1 33 Device 115 | . . . 1 . . . 5 1 3 . . . 3 3 6 2 . 1 . . 2 7 14 4 6 9 22 1 25 Storage 21 | 2 4 . 4 . 1 . 1 . . . 1 1 3 1 1 . . . . . . . . . . . . . 2 Processor 9 | . . . . . . . 1 . . . . 1 1 . . . 1 . . . . 1 . . . 2 2 . . Hackware 27 | . . . . . . . . 2 2 . . 3 3 5 6 . 2 . . . . . . . . 1 2 . 1 Protection 52 | . . . 5 . . . 3 1 4 . 1 3 4 2 3 . 1 . . . 1 3 2 5 . 7 2 . 5 Artifact . | . . . . . . . . . . . . . . . . . . . . . . . . . . . . . . Weapon 251 | 2 10 3 11 2 . 2 7 8 30 1 2 9 18 10 12 1 3 1 . . . 23 15 10 2 11 32 1 25 Energy Gun 47 | . . 2 1 . . . 4 3 9 . . . 4 1 1 . . . . . . 11 2 1 . 1 . . 7 Energy Cannon 46 | . . . 3 . . . 3 . 8 . . . . 4 5 . 2 1 . . . 1 3 1 . 3 3 1 8 Ballistic Gun 68 | 2 6 1 4 1 . 1 . 1 4 . 2 6 6 1 1 . . . . . . 1 7 2 1 3 13 . 5 Ballistic Cannon . | . . . . . . . . . . . . . . . . . . . . . . . . . . . . . . Launcher 27 | . . . 3 1 . 1 . 1 3 . . 2 2 2 2 . . . . . . 2 1 3 . 2 . . 2 Special Weapon 33 | . 4 . . . . . . . 3 1 . 1 4 1 3 . 1 . . . . 4 2 . . 1 7 . 1 Impact Weapon . | . . . . . . . . . . . . . . . . . . . . . . . . . . . . . . Slashing Weapon 28 | . . . . . . . . 1 3 . . . 2 1 . 1 . . . . . 4 . 3 1 1 9 . 2 Piercing Weapon . | . . . . . . . . . . . . . . . . . . . . . . . . . . . . . . Special Melee Weapon 2 | . . . . . . . . 2 . . . . . . . . . . . . . . . . . . . . . Unidentified Prototypes 18 | . . . 1 . . . 1 . . . . . . . . . . . . . . . . 4 . 6 3 . 3 Parts Lost 87 | . . 2 7 . . . 4 5 5 . . 2 6 1 1 . . . . . . 6 4 . . 9 3 . 32 Power 13 | . . . 3 . . . . . . . . . . . 1 . . . . . . 1 1 . . 1 1 . 5 Propulsion 18 | . . 2 1 . . . . 2 . . . . 1 . . . . . . . . 2 . . . 1 1 . 8 Utility 24 | . . . 1 . . . 2 1 1 . . 2 1 . . . . . . . . 1 2 . . 5 . . 8 Weapon 32 | . . . 2 . . . 2 2 4 . . . 4 1 . . . . . . . 2 1 . . 2 1 . 11 Highest Loss Streak 18 | . . 1 2 . . . 4 3 5 . . 1 3 1 1 . . . . . . 3 2 . . 7 3 . 18 Average Slot Usage (%) 93 | . 100 99 99 100 100 100 98 99 90 92 91 90 94 90 85 86 86 86 86 86 86 87 92 93 93 88 97 84 95 Engine 3 | . 14 3 8 11 11 11 9 9 6 7 7 7 7 7 . . . . . . . . . . . . . . . Core 2 | . . 10 1 . . . . . . . . . . . 5 6 6 6 6 6 6 9 6 . . . . . 3 Reactor 2 | . . . . . . . . . . . . . . . . . . . . . . 1 4 10 11 10 9 6 6 Treads 10 | . 14 19 21 22 22 22 11 17 7 7 7 7 9 7 3 . 6 6 6 6 6 6 16 16 17 12 . . . Leg 4 | . . 7 . . . . . 5 . . . . . . 1 . . . . . . . . . . 5 23 21 23 Wheel 3 | . 14 . . . . . 14 3 6 7 7 7 4 7 8 12 6 6 6 6 6 4 . . . . . . . Device 9 | . . . . . . . 8 5 7 7 7 . 3 4 11 16 13 11 13 13 13 15 25 22 22 14 12 15 13 Storage 22 | . 28 28 32 33 33 33 27 27 23 23 23 25 23 23 20 20 20 20 20 20 20 17 17 17 17 17 15 15 15 Processor 2 | . . . . . . . . . . . . 2 2 . . . 2 1 . . . 3 . . . 2 10 10 10 Hackware 2 | . . . . . . . . 2 6 7 6 2 9 8 4 3 3 6 6 6 6 3 . . . . 1 . . Protection 6 | . . . 10 11 11 11 8 8 7 7 7 13 6 7 5 6 6 6 6 6 6 2 2 5 5 6 5 5 5 Energy Gun 2 | . . 11 3 . . . 7 7 5 . . . 5 4 . . . . . . . 8 4 . . . . . 4 Energy Cannon 5 | . . . 6 . . . 10 . 7 15 13 . . 7 13 13 13 17 20 20 20 6 . 10 11 7 . 3 . Ballistic Gun 7 | . 27 16 11 21 22 21 . 2 3 . 1 19 12 2 . 3 . . . . . . 8 2 3 5 12 . 3 Special Weapon 1 | . . . . . . . . . 2 6 7 3 3 3 4 . 3 2 . . . . 1 . . 1 . . . Slashing Weapon 1 | . . . . . . . . 3 . . . . . 3 1 3 2 . . . . . . 2 1 . 1 5 4 Naked Turns . | . . . . . . . . . . . . . . . . . . . . . . . . . . . . . . Heaviest Build 189 | 14 43 43 88 85 101 101 108 98 118 110 119 118 116 121 133 122 120 124 124 124 124 129 141 163 163 189 168 164 154 Greatest Support 145 | 16 16 40 40 40 40 40 60 42 42 28 28 28 70 28 56 56 28 28 28 28 70 130 130 130 130 130 145 115 140 Greatest Overweight (x) 10 | . 2 2 3 2 2 2 6 9 10 3 4 5 5 4 4 4 4 4 4 4 4 6 1 1 1 3 1 1 2 Average Overweight (x) 2 | . 1 1 1 2 2 2 3 4 3 3 3 3 2 3 3 2 3 4 4 4 3 3 . 1 1 1 . 1 . Largest Inventory Capacity 32 | 8 16 16 24 24 26 26 26 26 26 26 26 26 32 26 26 26 26 26 26 26 26 26 26 26 26 26 26 26 26 Average Capacity 25 | 6 13 16 22 24 24 26 26 26 26 26 26 26 25 26 26 26 26 26 26 26 26 26 26 26 26 26 26 26 25 Most Carried 26 | 6 16 16 24 23 25 25 26 26 26 26 26 26 26 26 26 26 26 26 26 26 26 26 26 26 26 26 26 26 26 Average Carried 24 | 3 13 15 21 23 24 25 25 24 25 25 25 25 25 24 25 25 25 25 25 26 25 25 24 25 25 25 25 24 25 Final Capacity 26 | 8 16 16 24 24 26 26 26 26 26 26 26 26 26 26 26 26 26 26 26 26 26 26 26 26 26 26 26 26 4 Final Carried 26 | 6 16 16 23 23 25 25 26 26 26 26 26 26 26 26 24 26 26 26 26 26 26 23 25 26 26 26 25 24 4 Class Distribution -------------------- 44% | Hauler-Mutant 15% | Scavenger-Mutant 13% | Bothacker-Mutant 6% | Hauler-Skirmisher 5% | Mutant 4% | Hauler-Tank 4% | Scavenger-Gunner Dominant Class ---------------- Mutant | -10/Materials Mutant | -10/Mines Hauler-Mutant | -9/Materials Hauler-Mutant | -9/Mines Hauler-Mutant | -9/Exiles Hauler-Mutant | -8/Mines Hauler-Mutant | -8/Materials Hauler-Mutant | -8/Garrison Hauler-Mutant | -7/Factory Hauler-Mutant | -7/Waste Hauler-Mutant | -7/Factory Bothacker-Mutant | -7/Garrison Bothacker-Mutant | -7/Factory Bothacker-Mutant | -7/Garrison Bothacker-Mutant | -6/Factory Hauler-Mutant | -6/Waste Hauler-Mutant | -6/Factory Hauler-Tank | -6/Lower Caves Hauler-Tank | -6/Lower Caves Hauler-Tank | -6/Data Miner Hauler-Tank | -5/Proximity Caves Hauler-Mutant | -5/Factory Hauler-Mutant | -5/Extension Hauler-Mutant | -5/Cetus Scavenger-Mutant | -5/Archives Hauler-Mutant | -5/Hub_04(d) Scavenger-Mutant | -4/Factory Scavenger-Mutant | -4/Waste Scavenger-Mutant | -4/Factory Resources | -11 -10 -10 -9 -9 -9 -8 -8 -8 -7 -7 -7 -7 -7 -7 -6 -6 -6 -6 -6 -6 -5 -5 -5 -5 -5 -5 -4 -4 -4 ----------- Run | Scr Mat Min Mat Min Exi Min Mat Gar Fac Was Fac Gar Fac Gar Fac Was Fac Low Low Dat Pro Fac Ext Cet Arc Hub Fac Was Fac Matter Collected 12498 | 256 462 246 740 30 . 91 276 233 774 110 29 813 881 422 537 40 105 25 . . 40 628 772 662 173 1233 1816 73 1031 Remotely . | . . . . . . . . . . . . . . . . . . . . . . . . . . . . . . Salvage Created 25503 | 109 523 143 1894 55 . 15 1004 382 1869 . 113 410 1050 320 1385 265 131 257 64 . 309 1535 991 972 326 3307 3450 1579 3045 Parts 1161 | 5 47 3 129 2 . 8 59 19 78 . 4 20 58 16 56 3 7 11 3 . 18 51 44 37 21 140 192 15 115 Haulers Intercepted 16 | . 2 . 5 . . . 2 . 1 . . . . . . . . . . . . 1 . . . . 2 . 3 Recyclers Shooed 29 | . 2 . 2 . . . . . 7 . . . 4 . 6 . 1 . . . . . . . . . 4 . 3 Parts Field Recycled . | . . . . . . . . . . . . . . . . . . . . . . . . . . . . . . Retrieved Matter . | . . . . . . . . . . . . . . . . . . . . . . . . . . . . . . Parts Self-Destructed 79 | . . . . . . . . . . . . . . . . . . 24 10 . 45 . . . . . . . . Prevented 4 | . . . . . . . . . . . . . . . . . . . 4 . . . . . . . . . . Kills | -11 -10 -10 -9 -9 -9 -8 -8 -8 -7 -7 -7 -7 -7 -7 -6 -6 -6 -6 -6 -6 -5 -5 -5 -5 -5 -5 -4 -4 -4 ------- Run | Scr Mat Min Mat Min Exi Min Mat Gar Fac Was Fac Gar Fac Gar Fac Was Fac Low Low Dat Pro Fac Ext Cet Arc Hub Fac Was Fac Combat Hostiles Destroyed 337 | . 8 7 38 2 . 4 19 9 28 . 2 10 14 12 19 . 2 5 1 . 5 22 13 3 . 35 42 6 31 Melee 13 | . . . . . . . . . 1 . . . 4 1 . . . . . . . 1 . . . . 2 . 4 Guns 152 | . 8 7 22 1 . . 9 6 9 . . 8 7 3 . . . . . . . 12 7 . . 15 33 . 5 Cannons 72 | . . . 8 . . . 10 . 4 . 2 . . . 16 . 2 5 1 . 5 4 . 1 . 10 1 . 3 AOE 73 | . . . 8 1 . 4 . 3 13 . . 2 2 8 3 . . . . . . 3 2 1 . 8 4 . 11 Classes Destroyed 21 | 2 5 3 3 1 . . 1 1 3 . . . . . . . . . . . 1 . . . . . . 1 . Worker 27 | . . 1 5 . . . 3 . 1 . . . 4 . 2 . . . . . . 1 . . . 4 2 . 4 Builder 26 | . . . 2 . . . 3 . . . . . 1 . 2 . . . . . . 1 1 . . 3 6 . 7 Tunneler 4 | 1 1 . . . . . . . 1 . . . . . . . . . . . . 1 . . . . . . . Hauler 16 | . 2 . 5 . . . 2 . 1 . . . . . . . . . . . . 1 . . . . 2 . 3 Recycler 35 | 1 1 . 2 . . . 1 . 5 . . . 3 . 2 . . . . . . 3 2 . . 7 4 . 4 Mechanic 5 | . . . . . . . 1 . . . . . . . . . . . . . . . 1 . . . 2 . 1 Operator 14 | . 1 . 1 . . . 1 . 1 . . . . . . . . . . . . . 1 . 9 . . . . Watcher 30 | . 3 . 5 . . . 3 . 1 . . . 3 . 1 . . . . . . 1 1 2 . 3 3 . 4 Swarmer 95 | . 3 . 13 . . 4 10 3 . . . 4 6 9 3 . . 1 . . 1 2 2 . . 9 16 . 9 Grunt 107 | . 5 . 16 1 . . 6 3 14 . 2 4 2 1 10 . 1 3 1 . 2 10 3 1 . 7 8 . 7 Brawler 5 | . . . 1 . . . . . 1 . . . . . . . . . . . . 1 . . . 1 1 . . Duelist 10 | . . . . 1 . . 1 . 4 . . . 1 . 2 . . . . . . . . . . 1 . . . Protector 3 | . . . . . . . . . 2 . . . . . . . . . . . 1 . . . . . . . . Sentry 35 | . . . 8 . . . 2 3 5 . . 2 2 2 . . 1 . . . . 1 2 . . 4 1 . 2 Demolisher 1 | . . 1 . . . . . . . . . . . . . . . . . . . . . . . . . . . Specialist 1 | . . . . . . . . . 1 . . . . . . . . . . . . . . . . . . . . Hunter 14 | . . . . . . . . 1 1 . . . . 1 . . . . . . . . 2 . . 3 2 . 4 Programmer 45 | . . . . . . . . . 1 . . . 3 . 4 . . 1 . . . 8 2 . . 4 14 . 8 Behemoth 4 | . . . . . . . . . . . . . . . . . . . . . 1 . 2 . . . . . 1 Compactor 6 | . . . . . . . . . . . . . . . . . . . . . . . . . . . . 6 . Cetus Guard 2 | . . . . . . . . . . . . . . . . . . . . . . . . 2 . . . . . Enhanced Grunt 2 | . . . . . . . . . . . . . . . . . . . . . . . . 1 . 1 . . . Lightning 6 | . . . . . . . . . . . . . . . . . . . . . . . . . . 6 . . . Assembled 6 | . . 6 . . . . . . . . . . . . . . . . . . . . . . . . . . . Surgeon 1 | . . . . . . . . . . . . . . . . . . . . . . 1 . . . . . . . Thug 1 | . . . . . . . . . . . . . . . . . . . . . . . . 1 . . . . . Savage 3 | . . . . . . . . . . . . . . . . . . . . . . . . 3 . . . . . Butcher 1 | . . . . . . . . . . . . . . . . . . . . . . . . 1 . . . . . Guerrilla 3 | . . . . . . . . . . . . . . . . . . . . . . . . 3 . . . . . Best Kill Streak 15 | 1 4 3 10 2 . 4 4 3 10 . 2 4 4 4 4 . 1 2 1 . 2 12 5 3 3 10 13 4 15 Combat Bots Only 10 | . 3 3 5 2 . 4 4 3 10 . 2 4 4 4 4 . 1 2 1 . 2 8 3 2 . 9 7 6 7 Max Kills in Single Turn 10 | 1 2 1 6 1 . 4 1 3 10 . 1 2 2 3 2 . 1 1 1 . 1 2 2 3 1 4 5 2 4 Gunslinging 1 | . 1 . 1 . . . . . . . . . . . . . . . . . . . . . . . 1 . . Exploded 10 | . . . 2 1 . 4 . 3 10 . . 2 2 3 2 . . . . . . 1 1 1 . 3 4 . 4 Melee 1 | . . . . . . . . . 1 . . . 1 1 . . . . . . . 1 . . . . 1 . 1 Uniques/NPCs Destroyed 1 | . . . . . . . . . . . . . . . . . . . . . . . . 1 . . . . . A7 (-5/Cetus) Combat | -11 -10 -10 -9 -9 -9 -8 -8 -8 -7 -7 -7 -7 -7 -7 -6 -6 -6 -6 -6 -6 -5 -5 -5 -5 -5 -5 -4 -4 -4 -------- Run | Scr Mat Min Mat Min Exi Min Mat Gar Fac Was Fac Gar Fac Gar Fac Was Fac Low Low Dat Pro Fac Ext Cet Arc Hub Fac Was Fac Damage Taken 25569 | . 176 413 1670 22 . 18 1052 699 1982 . 48 882 1873 594 1395 . 112 456 67 . 137 2452 854 338 24 3170 2086 13 5036 Core 2876 | . 36 28 250 . . . 149 77 131 . . 66 270 43 88 . 4 3 10 . . 77 61 94 . 334 120 . 1035 Absorbed by Shields 2041 | . . . . . . . . . . . . 71 . . 88 . 58 161 63 . 80 144 33 76 . 60 1039 14 154 Reduced by Siege Mode 35 | . . . . . . . . . . . . . . . . . . . . . . 35 . . . . . . . Core Remaining (%) 60 | 100 . 74 . . . 37 . 58 . . . . . 27 . . . . . . 87 . . . . 43 . . . Volleys Fired 1351 | 8 51 19 134 3 . 2 93 37 95 9 2 65 70 40 104 1 19 14 2 . 18 74 65 67 17 141 111 9 81 Largest 3 | 2 2 2 2 2 . 1 2 2 3 1 2 3 3 2 3 2 2 3 3 . 3 3 3 2 2 3 3 1 2 Hottest 490 | 40 100 86 150 46 . 36 150 110 201 30 125 84 138 180 270 180 180 270 270 . 270 300 281 196 196 260 250 250 490 Shots Fired 2524 | 16 96 36 237 4 . 2 183 65 188 11 5 114 145 52 182 2 30 33 6 . 51 167 108 78 19 317 257 9 111 Gun 1554 | 16 90 36 173 2 . . 67 63 151 . . 91 129 16 6 . . . . . . 109 79 52 15 164 230 . 65 Cannon 748 | . . . 60 . . . 116 . 24 2 5 . . 12 148 2 23 32 6 . 51 45 5 20 4 136 6 9 42 Launcher 52 | . . . 4 2 . 2 . 2 6 . . 4 1 6 3 . . . . . . 4 2 6 . 6 . . 4 Special 170 | . 6 . . . . . . . 7 9 . 19 15 18 25 . 7 1 . . . 9 22 . . 11 21 . . Kinetic 989 | 16 90 22 121 2 . . . 13 62 . . 91 64 6 1 . . . . . . 2 25 52 15 158 230 . 19 Thermal 1154 | . 6 14 112 . . . 183 50 89 . . . . 20 153 2 23 32 6 . 51 149 59 20 4 142 1 9 29 Explosive 27 | . . . 4 2 . 2 . 2 5 . . 1 1 6 . . . . . . . 1 2 . . 1 . . . Electromagnetic 190 | . . . . . . . . . 25 2 5 3 65 2 3 . . . . . . 6 . 6 . 5 5 . 63 Robot Hit Streak 43 | 5 7 9 13 4 . 6 13 15 23 8 11 14 17 7 19 1 8 10 2 . 9 43 24 19 7 10 16 5 16 Robot Miss Streak 8 | 1 4 3 5 . . . 6 2 2 2 . 8 6 3 2 2 3 2 1 . 3 7 2 4 2 5 4 2 4 Penetration Max 2 | . . . . . . . . . . . . . . . . . . . . . . . 1 1 . 2 1 . 1 Secondary Targets 23 | . 1 1 3 . . . 1 . . . . 1 . . . . . . . . . 2 1 . . 4 8 . 1 Max Gunslinging Chain 1 | . 1 1 1 . . . 1 . . . . 1 . . . . . . . . . 1 1 . . 1 1 . 1 Capacitor 4 | . . . . . . . . . . . . . . . . . . . . . . . . . . . . . 4 Shots Hit Robots 1692 | 12 57 23 154 2 . 2 106 51 140 9 3 52 91 22 114 6 18 23 3 . 26 136 76 65 32 173 201 5 90 Core Hits 894 | 5 27 12 73 4 . 5 39 16 68 . 3 21 39 22 49 1 4 9 2 . 13 78 39 51 13 99 109 6 87 Critical Hits 124 | . . . . . . . 2 . 1 . . 1 2 . 3 . . . . . . 2 3 7 6 29 51 . 17 Critical Kills 55 | . . . . . . . . . . . . . 1 . 1 . . . . . . 2 1 1 2 12 25 . 10 Critical Parts Destroyed 69 | . . . . . . . 2 . 1 . . 1 1 . 2 . . . . . . . 2 6 4 17 26 . 7 Melee Attacks 174 | . . . . . . . . 15 10 . . . 6 3 7 5 2 . . . . 16 . 5 18 2 50 . 35 Impact . | . . . . . . . . . . . . . . . . . . . . . . . . . . . . . . Slashing 166 | . . . . . . . . 7 10 . . . 6 3 7 5 2 . . . . 16 . 5 18 2 50 . 35 Piercing . | . . . . . . . . . . . . . . . . . . . . . . . . . . . . . . Sneak Attacks 37 | . . . . . . . . 4 2 . . . 1 2 . . . . . . . . . 5 10 1 7 . 5 Combat Hostiles 2 | . . . . . . . . . . . . . . 2 . . . . . . . . . . . . . . . Follow-up Attacks . | . . . . . . . . . . . . . . . . . . . . . . . . . . . . . . Damage Inflicted 54694 | 112 639 343 3631 186 . 470 2518 1101 4577 2 118 1110 2021 1281 4102 320 491 733 61 . 697 4393 2017 2839 1820 5911 5918 884 6399 Guns 20605 | 112 639 332 1934 30 . . 674 713 2051 . . 821 1404 120 101 . . . . . . 2752 1378 314 74 2020 3751 . 1385 Cannons 14504 | . . . 855 . . . 1844 . 614 2 118 . . . 3073 60 491 733 61 . 697 728 96 563 85 2383 283 386 1432 Explosions 13292 | . . . 836 156 . 470 . 187 1692 . . 289 366 981 779 . . . . . . 728 520 1554 . 1402 247 498 2587 Melee 6211 | . . . . . . . . 201 220 . . . 209 180 149 260 . . . . . 185 . 408 1661 106 1637 . 995 Ramming 82 | . . 11 6 . . . . . . . . . 42 . . . . . . . . . 23 . . . . . . Kinetic 11746 | 112 639 228 1496 30 . . . 121 798 . . 821 858 23 7 . . . . . . 13 231 314 74 1923 3751 . 307 Thermal 23387 | . . 104 1437 . . 144 2518 592 1388 . . . 123 97 3367 60 491 733 61 . 697 3438 1462 763 85 2480 113 884 2350 Explosive 5455 | . . . 692 156 . 326 . 187 1523 . . 162 243 981 173 . . . . . . 101 301 . . 610 . . . Electromagnetic 7813 | . . . . . . . . . 648 2 118 127 546 . 406 . . . . . . 656 . 1354 . 792 417 . 2747 Impact . | . . . . . . . . . . . . . . . . . . . . . . . . . . . . . . Slashing 6211 | . . . . . . . . 201 220 . . . 209 180 149 260 . . . . . 185 . 408 1661 106 1637 . 995 Piercing . | . . . . . . . . . . . . . . . . . . . . . . . . . . . . . . Highest Corruption 27 | . . . 4 4 4 4 . . 1 21 22 22 23 23 . . . 1 1 1 1 27 27 12 8 14 2 22 26 Average Corruption 11 | . . . 3 4 4 4 . . 1 11 21 22 22 23 . . . 1 1 1 1 14 20 10 3 10 1 14 16 Corruption Purged 56 | . . . . . . . . . . . . . . . . . . . . . . . 17 4 8 . . . 27 Effects 989 | . . . 14 2 17 18 . . 2 9 26 126 170 78 . . . 2 1 . 6 71 134 43 16 89 21 8 136 Message Errors 191 | . . . 5 1 8 6 . . 1 2 5 16 34 11 . . . . 1 . 3 15 22 9 3 19 3 1 26 Matter Fused 146 | . . . 4 . 4 4 . . . 1 3 16 19 7 . . . . . . . 12 26 8 2 15 . . 25 Heat Flow Errors 76 | . . . 1 1 1 3 . . . . 4 7 13 3 . . . . . . . 7 9 7 3 2 2 . 13 Energy Discharges 78 | . . . 2 . 3 2 . . 1 1 1 8 9 7 . . . 1 . . . 5 8 1 4 9 2 1 13 Parts Rejected 5 | . . . . . . . . . . . . . . 1 . . . . . . . . . 1 . 2 . . 1 Data Loss (minor) 77 | . . . . . 1 3 . . . . 4 11 12 9 . . . . . . 1 4 7 2 3 3 4 2 11 Data Loss (major) 27 | . . . . . . . . . . . . 2 7 2 . . . . . . . 4 5 2 . 1 . 2 2 Misfires 26 | . . . . . . . . . . 2 1 4 6 3 . . . . . . . 2 2 2 . 2 . . 2 Alerts 13 | . . . . . . . . . . 1 1 5 1 2 . . . . . . . . . . . . . . 3 Misdirections 141 | . . . . . . . . . . . 7 25 30 19 . . . . . . . 9 22 3 . 5 . 1 20 Targeting Errors 176 | . . . 1 . . . . . . 2 . 30 35 12 . . . . . . 2 12 28 6 1 23 6 1 17 Weapon Failures 33 | . . . 1 . . . . . . . . 2 4 2 . . . 1 . . . 1 5 2 . 8 4 . 3 Overload Shots 3 | . . . . . . . . . . . . . . . . . . . . . . . 2 . . . . . 1 Overflow Damage 2515 | . . . 133 . . . 47 16 172 . . 25 101 52 269 . 7 50 . . 10 86 63 11 549 238 354 . 332 Projectiles 538 | . . . 24 . . . 47 . 10 . . . . . 166 . 7 50 . . 10 . . . . 117 5 . 102 Explosions 855 | . . . 109 . . . . 16 109 . . 25 22 52 103 . . . . . . 73 63 11 . 121 . . 151 Melee 1122 | . . . . . . . . . 53 . . . 79 . . . . . . . . 13 . . 549 . 349 . 79 Knockbacks 2 | . . . . . . . . . . . . . . . . . . . . . . . 2 . . . . . . Impact 1 | . . . . . . . . . . . . . . . . . . . . . . . 1 . . . . . . Kinetic . | . . . . . . . . . . . . . . . . . . . . . . . . . . . . . . Secondary 1 | . . . . . . . . . . . . . . . . . . . . . . . 1 . . . . . . Self-Inflicted Damage 780 | . . . 67 . . . . . 73 . . 1 20 50 . . . . . . . 129 . 70 . 188 . 27 155 Shots 25 | . . . 2 . . . . . 3 . . 1 1 1 . . . . . . . 3 . 2 . 4 . 3 5 Rammed 6 | . . 2 1 . . . . . . . . . 2 . . . . . . . . . 1 . . . . . . Targets Rammed 8 | . . 2 1 . . . . . . . . . 4 . . . . . . . . . 1 . . . . . . Kicked . | . . . . . . . . . . . . . . . . . . . . . . . . . . . . . . Crushed 2 | . . . . . . . . . . . . . 2 . . . . . . . . . . . . . . . . Highest Temperature 651 | . 60 90 424 194 129 162 252 46 66 . 288 237 353 168 315 . 39 220 96 . 232 651 444 244 246 445 286 612 559 Average Temperature 102 | . 20 42 96 103 66 70 109 17 18 . 109 70 107 37 83 . 18 65 54 . 86 122 132 93 103 125 50 231 136 Received Heat Transfer 4287 | . 54 . 615 12 . . 423 189 564 . . 180 279 111 309 . 24 80 24 . 39 258 35 51 . 174 332 . 534 Effects 41 | . . . 6 . . . . . . . . . 3 . 4 . . . . . . 4 6 . . 3 1 8 6 Shutdowns 13 | . . . 1 . . . . . . . . . . . . . . . . . . 4 2 . . 2 . 2 2 Energy Bleed 9 | . . . 1 . . . . . . . . . 2 . . . . . . . . . 1 . . 1 1 3 . Interference 11 | . . . 3 . . . . . . . . . . . 4 . . . . . . . 3 . . . . 1 . Matter Decay 2 | . . . . . . . . . . . . . 1 . . . . . . . . . . . . . . 1 . Damage (minor) 2 | . . . . . . . . . . . . . . . . . . . . . . . . . . . . 1 1 Damage (major) 4 | . . . 1 . . . . . . . . . . . . . . . . . . . . . . . . . 3 Siege Activations 6 | . . . . . . . . . . . . . . . . . . . 1 . 2 3 . . . . . . . Total Turns 117 | . . . . . . . . . . . . . . . . . . . 12 . 15 90 . . . . . . . Longest Duration 45 | . . . . . . . . . . . . . . . . . . . 12 . 12 45 . . . . . . . Robots Corrupted 13 | . . . . . . . . . 1 . . . 1 . . . . . . . . . . 3 . . 2 . 6 Combat Hostiles 8 | . . . . . . . . . 1 . . . 1 . . . . . . . . . . 1 . . 2 . 3 Parts Fried 43 | . . . . . . . . . 1 . 1 . 4 . . . . . . . . 5 . 8 . 3 . . 21 Impact Corruptions . | . . . . . . . . . . . . . . . . . . . . . . . . . . . . . . Robots Melted 20 | . . . . . . . . . . . . . . . . . . . . . . 2 5 . . 2 . 6 5 Combat Hostiles 19 | . . . . . . . . . . . . . . . . . . . . . . 2 4 . . 2 . 6 5 Parts Melted 123 | . . . 7 . . . 4 6 5 . . 2 . 1 7 . 2 1 . . 4 9 18 . . 8 3 22 24 Heat Transferred 41893 | . . 222 2357 . . 150 3922 1053 2567 . . . 200 185 4301 74 537 832 74 . 797 5022 3403 746 87 2954 480 4160 7770 Parts Sabotaged . | . . . . . . . . . . . . . . . . . . . . . . . . . . . . . . Parts Stolen . | . . . . . . . . . . . . . . . . . . . . . . . . . . . . . . Parts Stripped . | . . . . . . . . . . . . . . . . . . . . . . . . . . . . . . Power Chain Reactions 8 | . . . . . . . . . 1 . . . 2 . . . . . . . . . . 1 . . . . 4 Missiles Intercepted . | . . . . . . . . . . . . . . . . . . . . . . . . . . . . . . Alert | -11 -10 -10 -9 -9 -9 -8 -8 -8 -7 -7 -7 -7 -7 -7 -6 -6 -6 -6 -6 -6 -5 -5 -5 -5 -5 -5 -4 -4 -4 ------- Run | Scr Mat Min Mat Min Exi Min Mat Gar Fac Was Fac Gar Fac Gar Fac Was Fac Low Low Dat Pro Fac Ext Cet Arc Hub Fac Was Fac Peak Influence 1400 | 10 188 58 514 144 . 160 295 563 1098 647 472 903 509 947 1048 352 652 . . . . 917 863 1071 562 904 1400 478 555 Average Influence 446 | 5 85 29 238 110 . 9 164 387 582 459 437 687 329 795 731 332 413 . . . . 700 569 763 360 432 701 469 195 Maximum Alert Level 4 | . . . 2 . . . 1 2 3 2 2 3 2 3 3 1 2 . . . . 3 3 3 2 3 4 2 2 Low Security (%) 22 | 100 100 100 38 100 . 100 75 14 . . . . . . . 9 22 . . . . . . . 2 26 . . 49 Level 1 24 | . . . 46 . . . 24 36 38 50 7 8 82 12 . 90 20 . . . . . 3 5 68 16 . . 35 Level 2 33 | . . . 14 . . . . 48 29 49 92 41 17 7 29 . 57 . . . . 49 86 28 29 39 72 100 15 Level 3 19 | . . . . . . . . . 31 . . 49 . 80 70 . . . . . . 50 10 66 . 18 15 . . Level 4 . | . . . . . . . . . . . . . . . . . . . . . . . . . . . 11 . . Level 5 . | . . . . . . . . . . . . . . . . . . . . . . . . . . . . . . High Security . | . . . . . . . . . . . . . . . . . . . . . . . . . . . . . . Max Security . | . . . . . . . . . . . . . . . . . . . . . . . . . . . . . . Squads Dispatched 101 | . 3 1 3 . . . 4 . 8 . 3 . 6 . 12 . 7 . . . 1 9 5 . . 9 20 . 10 Investigation 21 | . 2 1 2 . . . 3 . . . 3 . 2 . 1 . 1 . . . . 1 3 . . . 2 . . Extermination 27 | . . . . . . . . . 2 . . . 3 . 3 . 2 . . . . 5 . . . 2 5 . 5 Reinforcement 32 | . 1 . 1 . . . 1 . 2 . . . 1 . 6 . 2 . . . . 2 2 . . 5 5 . 4 Assault 20 | . . . . . . . . . 4 . . . . . 2 . 2 . . . 1 1 . . . 2 7 . 1 Garrison 1 | . . . . . . . . . . . . . . . . . . . . . . . . . . . 1 . . Intercept . | . . . . . . . . . . . . . . . . . . . . . . . . . . . . . . Construction Impeded 17 | . . . 1 . . . 1 . 1 . . . 1 . 5 . . . . . . . 1 . . 3 2 . 2 Haulers Reinforced 8 | . . . . . . . . . . . . . . . 1 . . . . . . 2 . . . 2 2 . 1 Stealth | -11 -10 -10 -9 -9 -9 -8 -8 -8 -7 -7 -7 -7 -7 -7 -6 -6 -6 -6 -6 -6 -5 -5 -5 -5 -5 -5 -4 -4 -4 --------- Run | Scr Mat Min Mat Min Exi Min Mat Gar Fac Was Fac Gar Fac Gar Fac Was Fac Low Low Dat Pro Fac Ext Cet Arc Hub Fac Was Fac Distress Signals 20 | . 1 1 2 . . . 2 . 3 . . . . . 3 . . . . . . . . 2 . 1 2 . 3 Communications Jammed . | . . . . . . . . . . . . . . . . . . . . . . . . . . . . . . Distress Signals . | . . . . . . . . . . . . . . . . . . . . . . . . . . . . . . Times Spotted 698 | . 19 9 54 3 . 4 34 13 53 6 4 24 23 25 55 1 15 16 4 . 24 35 37 21 14 53 87 6 59 Peak Tracking Total 17 | . 3 2 5 3 . 4 6 5 10 5 3 4 4 12 5 1 6 4 2 . 10 6 6 5 1 13 17 4 16 Tactical Retreats 26 | . 1 . 2 1 . . 3 1 1 . . . . . 1 . . . . . 1 3 1 . . 1 6 . 4 Traps | -11 -10 -10 -9 -9 -9 -8 -8 -8 -7 -7 -7 -7 -7 -7 -6 -6 -6 -6 -6 -6 -5 -5 -5 -5 -5 -5 -4 -4 -4 ------- Run | Scr Mat Min Mat Min Exi Min Mat Gar Fac Was Fac Gar Fac Gar Fac Was Fac Low Low Dat Pro Fac Ext Cet Arc Hub Fac Was Fac Traps Triggered 46 | . . . 3 . . . . 8 4 . 2 8 6 4 4 . . . . . . 1 1 . . 1 1 . 3 Indirectly 1 | . . . . . . . . . . . . . . . . . . . . . . . . . . 1 . . . Trap Hack Attempts . | . . . . . . . . . . . . . . . . . . . . . . . . . . . . . . Triggered . | . . . . . . . . . . . . . . . . . . . . . . . . . . . . . . Disarmed . | . . . . . . . . . . . . . . . . . . . . . . . . . . . . . . Reprogrammed . | . . . . . . . . . . . . . . . . . . . . . . . . . . . . . . Reused 1 | . . . . . . . . . . . . . . . . . . . . . . 1 . . . . . . . Traps Extracted . | . . . . . . . . . . . . . . . . . . . . . . . . . . . . . . Installed 3 | . . 2 . . . . . . . . . . . . . . . . . . . 1 . . . . . . . Triggered 3 | . . . . . . . . . . . . . . . . . . 1 1 . . 1 . . . . . . . Machines | -11 -10 -10 -9 -9 -9 -8 -8 -8 -7 -7 -7 -7 -7 -7 -6 -6 -6 -6 -6 -6 -5 -5 -5 -5 -5 -5 -4 -4 -4 ---------- Run | Scr Mat Min Mat Min Exi Min Mat Gar Fac Was Fac Gar Fac Gar Fac Was Fac Low Low Dat Pro Fac Ext Cet Arc Hub Fac Was Fac Machines Disabled 90 | . . . 3 . . 3 1 2 9 . 1 6 3 5 12 . 3 . . . 1 3 7 2 . 14 12 . 3 Max in Single Turn 5 | . . . 1 . . 3 1 1 5 . 1 2 1 1 4 . 1 . . . 1 2 1 . . 3 2 . 1 Garrison Access 4 | . . . . . . . . . . . . . . . 2 . . . . . . . . . . 1 . . 1 Garrison Relay 8 | . . . . . . . . 2 . . . 4 . 2 . . . . . . . . . . . . . . . Phase Generator 1 | . . . . . . . . . . . . 1 . . . . . . . . . . . . . . . . . Network Hub 1 | . . . . . . . . . . . . . . . . . . . . . . . . . . 1 . . . Machines Sabotaged . | . . . . . . . . . . . . . . . . . . . . . . . . . . . . . . Garrisons Compromised . | . . . . . . . . . . . . . . . . . . . . . . . . . . . . . . Overloaded Fab Kills . | . . . . . . . . . . . . . . . . . . . . . . . . . . . . . . Fab Network Shutdowns . | . . . . . . . . . . . . . . . . . . . . . . . . . . . . . . Hacking | -11 -10 -10 -9 -9 -9 -8 -8 -8 -7 -7 -7 -7 -7 -7 -6 -6 -6 -6 -6 -6 -5 -5 -5 -5 -5 -5 -4 -4 -4 --------- Run | Scr Mat Min Mat Min Exi Min Mat Gar Fac Was Fac Gar Fac Gar Fac Was Fac Low Low Dat Pro Fac Ext Cet Arc Hub Fac Was Fac Machines Accessed 120 | . 8 1 16 . 2 . 11 . 11 . 4 . 6 . 8 . 3 . . 2 . 8 15 . . 10 9 . 6 Terminals 73 | . 7 . 12 . . . 6 . 5 . 3 . 1 . 3 . 2 . . . . 5 14 . . 9 2 . 4 Fabricators 8 | . . . . . . . . . 2 . . . 2 . 1 . . . . . . 1 . . . . 2 . . Repair Stations 12 | . . . 1 . . . 2 . 3 . . . 1 . 1 . 1 . . . . . 1 . . . 1 . 1 Recycling Units 7 | . 1 . 1 . . . 1 . 1 . . . 1 . 1 . . . . . . . . . . . 1 . . Scanalyzers 8 | . . . 2 . . . 1 . . . . . . . . . . . . . . 2 . . . . 2 . 1 Garrison Access 7 | . . . . . . . 1 . . . 1 . 1 . 2 . . . . . . . . . . 1 1 . . Total Hacks 352 | . 19 1 50 . 5 . 38 . 31 . 9 . 16 . 21 . 4 . . 16 . 26 39 . . 30 27 . 20 Successful 207 | . 16 1 33 . 5 . 28 . 18 . 4 . 9 . 13 . 1 . . 16 . 14 17 . . 14 14 . 4 Failed 143 | . 2 . 17 . . . 10 . 13 . 5 . 7 . 8 . 3 . . . . 12 21 . . 16 13 . 16 Catastrophic 29 | . . . . . . . 2 . 1 . 2 . 1 . 2 . 2 . . . . 1 4 . . 6 4 . 4 Database Lockouts 3 | . 1 . . . . . . . . . . . . . . . . . . . . . 2 . . . . . . Manual 98 | . 9 . 19 . 1 . 11 . 6 . 2 . 2 . 4 . 2 . . . . 1 24 1 . 9 5 . 2 Terminals 206 | . 17 . 37 . . . 23 . 15 . 7 . 2 . 8 . 3 . . . . 13 36 . . 29 3 . 13 Fabricators 28 | . . . . . . . . . 9 . . . 6 . 4 . . . . . . 1 . . . . 8 . . Repair Stations 30 | . . . 2 . . . 4 . 6 . . . 3 . 3 . 1 . . . . . 3 . . . 3 . 5 Recycling Units 15 | . 2 . 2 . . . 3 . 1 . . . 3 . 3 . . . . . . . . . . . 1 . . Scanalyzers 36 | . . . 9 . . . 6 . . . . . . . . . . . . . . 12 . . . . 7 . 2 Garrison Access 15 | . . . . . . . 2 . . . 2 . 2 . 3 . . . . . . . . . . 1 5 . . Terminal Hacks 107 | . 12 1 16 . 5 . 14 . 9 . 1 . 1 . 5 . . . . 16 . 4 9 . . 9 2 . 3 Record 4 | . . . . . 4 . . . . . . . . . . . . . . . . . . . . . . . . Part Schematic 7 | . . . . . . . . . . . . . . . 1 . . . . 6 . . . . . . . . . Robot Schematic 10 | . . . . . . . 2 . 1 . . . . . . . . . . 7 . . . . . . . . . Robot Analysis 10 | . 2 . 4 . . . 3 . . . . . . . . . . . . . . . 1 . . . . . . Prototype ID Bank 12 | . 3 . 1 . . . . . 1 . 1 . . . 1 . . . . 3 . . . . . 2 . . . Open Door 1 | . . 1 . . . . . . . . . . . . . . . . . . . . . . . . . . . Branch Access Points 5 | . 1 . 1 . . . 1 . . . . . . . . . . . . . . 1 . . . . 1 . . Terminal Index 3 | . . . . . . . 1 . 1 . . . . . 1 . . . . . . . . . . . . . . Fabricator Index 1 | . . . . . . . . . . . . . . . . . . . . . . . . . . 1 . . . Garrison Index 1 | . . . . . . . . . . . . . . . 1 . . . . . . . . . . . . . . Alert Level 2 | . . . 1 . . . 1 . . . . . . . . . . . . . . . . . . . . . . Unreport Threat 12 | . . . 3 . . . 1 . . . . . . . . . . . . . . 1 3 . . 3 . . 1 Locate Traps 12 | . 1 . 3 . . . 2 . . . . . 1 . . . . . . . . 1 2 . . 2 . . . Recall Investigation 2 | . . . . . . . . . . . . . . . . . . . . . . . 2 . . . . . . Hauler Manifests 7 | . 1 . . . . . 1 . 2 . . . . . . . . . . . . 1 . . . . 1 . 1 Registered Components 2 | . . . . . . . 1 . 1 . . . . . . . . . . . . . . . . . . . . Zone Layout 15 | . 4 . 3 . . . 1 . 3 . . . . . 1 . . . . . . . 1 . . 1 . . 1 EX-Prototype ID Bank 1 | . . . . . 1 . . . . . . . . . . . . . . . . . . . . . . . . Fabricator Hacks 11 | . . . . . . . . . 3 . . . 2 . 2 . . . . . . . . . . . 4 . . Network Status 1 | . . . . . . . . . . . . . 1 . . . . . . . . . . . . . . . . Load Schematic 4 | . . . . . . . . . 1 . . . 1 . . . . . . . . . . . . . 2 . . Build 6 | . . . . . . . . . 2 . . . . . 2 . . . . . . . . . . . 2 . . Repair Station Hacks 17 | . . . 2 . . . 3 . 4 . . . 2 . 2 . . . . . . . 2 . . . 2 . . Scan Component 10 | . . . 1 . . . 2 . 2 . . . 2 . 1 . . . . . . . 1 . . . 1 . . Repair 7 | . . . 1 . . . 1 . 2 . . . . . 1 . . . . . . . 1 . . . 1 . . Recycling Unit Hacks 5 | . 1 . 1 . . . . . . . . . 2 . . . . . . . . . . . . . 1 . . Retrieve Matter 1 | . . . . . . . . . . . . . 1 . . . . . . . . . . . . . . . . Retrieve Components 4 | . 1 . 1 . . . . . . . . . 1 . . . . . . . . . . . . . 1 . . Scanalyzer 25 | . . . 8 . . . 6 . . . . . . . . . . . . . . 10 . . . . 1 . . Insert Component 12 | . . . 4 . . . 3 . . . . . . . . . . . . . . 4 . . . . 1 . . Analyze 13 | . . . 4 . . . 3 . . . . . . . . . . . . . . 6 . . . . . . . Garrison Access Hacks 9 | . . . . . . . 1 . . . 1 . 1 . 3 . . . . . . . . . . 1 2 . . Unlock Access 4 | . . . . . . . 1 . . . 1 . 1 . . . . . . . . . . . . . 1 . . Seal Access 3 | . . . . . . . . . . . . . . . 2 . . . . . . . . . . 1 . . . Coupler Status 2 | . . . . . . . . . . . . . . . 1 . . . . . . . . . . . 1 . . Unauthorized Hacks 84 | . 6 . 14 . . . 8 . 5 . 4 . 3 . 3 . 3 . . . . . 18 . . 10 7 . 3 Terminals 21 | . 2 . 5 . . . 2 . 1 . 1 . . . . . . . . . . . 6 . . 4 . . . Track 5 | . 1 . 1 . . . 1 . . . . . . . . . . . . . . . . . . 2 . . . Botnet 16 | . 1 . 4 . . . 1 . 1 . 1 . . . . . . . . . . . 6 . . 2 . . . Fabricators 2 | . . . . . . . . . 1 . . . . . 1 . . . . . . . . . . . . . . Prioritize 2 | . . . . . . . . . 1 . . . . . 1 . . . . . . . . . . . . . . Repair Stations 3 | . . . . . . . . . . . . . . . . . 1 . . . . . . . . . 1 . 1 Mechanics 3 | . . . . . . . . . . . . . . . . . 1 . . . . . . . . . 1 . 1 Recycling Units 4 | . 1 . 1 . . . 1 . . . . . 1 . . . . . . . . . . . . . . . . Tunnel 4 | . 1 . 1 . . . 1 . . . . . 1 . . . . . . . . . . . . . . . . Scanalyzers . | . . . . . . . . . . . . . . . . . . . . . . . . . . . . . . Garrison Access 3 | . . . . . . . 1 . . . 1 . . . . . . . . . . . . . . . 1 . . Eject 3 | . . . . . . . 1 . . . 1 . . . . . . . . . . . . . . . 1 . . Data Cores Recovered 2 | . . . 1 . . . 1 . . . . . . . . . . . . . . . . . . . . . . Used 1 | . . . 1 . . . . . . . . . . . . . . . . . . . . . . . . . . Hacking Detections 100 | . 7 . 15 . . . 9 . 10 . 4 . 6 . 5 . 3 . . . . 7 14 . . 8 7 . 5 Full Trace Events 8 | . . . . . . . 1 . . . 2 . 1 . 1 . 1 . . . . . 1 . . . 1 . . Feedback Events 1 | . . . . . . . . . . . 1 . . . . . . . . . . . . . . . . . . Corruption 1 | . . . . . . . . . . . 1 . . . . . . . . . . . . . . . . . . Feedback Blocked . | . . . . . . . . . . . . . . . . . . . . . . . . . . . . . . Robot Schematics Acquired 10 | . . . . . . . 2 . 1 . . . . . . . . . . 7 . . . . . . . . . Robots Built 9 | . . . . . . . . . 3 . . . . . 2 . . . . . . . . . . . 4 . . Matter 1326 | . . . . . . . . . 504 . . . . . 570 . . . . . . . . . . . 252 . . Time 563 | . . . . . . . . . 268 . . . . . 228 . . . . . . . . . . . 67 . . Total Robot Build Rating 38 | . . . . . . . . . 12 . . . . . 10 . . . . . . . . . . . 16 . . Part Schematics Acquired 17 | . . . 4 . . . 2 . . . . . . . 1 . . . . 6 . 4 . . . . . . . Parts Built 1 | . . . . . . . . . . . . . . . . . . . . . . . . . . . 1 . . Matter 318 | . . . . . . . . . . . . . . . . . . . . . . . . . . . 318 . . Time 169 | . . . . . . . . . . . . . . . . . . . . . . . . . . . 169 . . Total Part Build Rating 6 | . . . . . . . . . . . . . . . . . . . . . . . . . . . 6 . . Parts Repaired 7 | . . . 1 . . . 1 . 2 . . . . . 1 . . . . . . . 1 . . . 1 . . Time 344 | . . . 53 . . . 51 . 66 . . . . . 22 . . . . . . . 44 . . . 108 . . Parts Recycled . | . . . . . . . . . . . . . . . . . . . . . . . . . . . . . . Recycled Matter . | . . . . . . . . . . . . . . . . . . . . . . . . . . . . . . Retrieved Matter . | . . . . . . . . . . . . . . . . . . . . . . . . . . . . . . Retrieved Components 24 | . 9 . 5 . . . . . . . . . . . . . . . . . . . . . . . 10 . . Parts Scanalyzed 11 | . . . 4 . . . 3 . . . . . . . . . . . . . . 4 . . . . . . . Part Schematics Acquired 10 | . . . 4 . . . 2 . . . . . . . . . . . . . . 4 . . . . . . . Parts Damaged 2 | . . . 1 . . . . . . . . . . . . . . . . . . 1 . . . . . . . Bothacking | -11 -10 -10 -9 -9 -9 -8 -8 -8 -7 -7 -7 -7 -7 -7 -6 -6 -6 -6 -6 -6 -5 -5 -5 -5 -5 -5 -4 -4 -4 ------------ Run | Scr Mat Min Mat Min Exi Min Mat Gar Fac Was Fac Gar Fac Gar Fac Was Fac Low Low Dat Pro Fac Ext Cet Arc Hub Fac Was Fac Used RIF Installer 3 | . . . . . . . . 1 . . . 1 . 1 . . . . . . . . . . . . . . . Coupler Efficiency 1 | . . . . . . . . . . . . . . 1 . . . . . . . . . . . . . . . Program Shield 1 | . . . . . . . . . . . . 1 . . . . . . . . . . . . . . . . . Robots Hacked 81 | . . . . . . . . 5 3 6 . 8 5 9 13 . 3 1 . . . 6 3 . . 6 13 . . Non-combat 38 | . . . . . . . . . 2 . . . 2 . 5 . 3 1 . . . 6 2 . . 6 11 . . Combat 43 | . . . . . . . . 5 1 6 . 8 3 9 8 . . . . . . . 1 . . . 2 . . Robot Hacks Applied 84 | . . . . . . . . 5 4 6 . 8 5 9 13 . 5 1 . . . 6 3 . . 6 13 . . parse_system 2 | . . . . . . . . . . . . . . . . . . . . . . . 2 . . . . . . no_distress 1 | . . . . . . . . . . . . . . . . . 1 . . . . . . . . . . . . find_chute 3 | . . . . . . . . . 1 . . . . . 1 . . . . . . . . . . . 1 . . ignore_repairs 7 | . . . . . . . . . . . . . . . . . . . . . . . 1 . . . 6 . . drop_inventory 12 | . . . . . . . . . 1 . . . 1 . 1 . . . . . . 5 . . . 2 2 . . ignore_parts 4 | . . . . . . . . . . . . . . . 1 . . . . . . 1 . . . 2 . . . purge_threat 2 | . . . . . . . . . . . . . . . . . 2 . . . . . . . . . . . . map_route 6 | . . . . . . . . . . . . . 1 . 1 . 1 . . . . . . . . 2 1 . . ignore_targets 6 | . . . . . . . . . . 6 . . . . . . . . . . . . . . . . . . . find_garrison 2 | . . . . . . . . . 1 . . . 1 . . . . . . . . . . . . . . . . scatter_targeting 1 | . . . . . . . . 1 . . . . . . . . . . . . . . . . . . . . . disrupt_area 1 | . . . . . . . . . . . . . . . 1 . . . . . . . . . . . . . . spike_heat 2 | . . . . . . . . 1 . . . 1 . . . . . . . . . . . . . . . . . amplify_resonance 2 | . . . . . . . . . . . . 2 . . . . . . . . . . . . . . . . . reboot_system 2 | . . . . . . . . . . . . 1 . . 1 . . . . . . . . . . . . . . overwrite_iff 7 | . . . . . . . . 1 . . . 1 1 4 . . . . . . . . . . . . . . . streamctrl_low 1 | . . . . . . . . . . . . . . . . . . . . . . . . . . . 1 . . formatsys_low 2 | . . . . . . . . . . . . . . . . . 1 1 . . . . . . . . . . . formatsys_high 21 | . . . . . . . . 2 1 . . 3 1 5 7 . . . . . . . . . . . 2 . . Relay Couplers Released 52 | . . . . . . . 3 10 . . 4 15 . 7 5 . . . . . . . . . . 3 3 . 2 Ejected 10 | . . . . . . . 3 . . . 4 . . . . . . . . . . . . . . . 3 . . Machine Destruction 42 | . . . . . . . . 10 . . . 15 . 7 5 . . . . . . . . . . 3 . . 2 Attached 25 | . . . . . . . . 2 2 . . 3 2 5 6 . 2 . . . . . . . . 1 2 . . Robots Rewired 14 | . . . . . . . . . 1 . . . . . . . . . . . 2 . 10 . . . 1 . . Allies Hacked 4 | . . . . . . . . . . . . . . . . . . . . . 1 . . . . . 1 . 2 Hacks Repelled . | . . . . . . . . . . . . . . . . . . . . . . . . . . . . . . Allies | -11 -10 -10 -9 -9 -9 -8 -8 -8 -7 -7 -7 -7 -7 -7 -6 -6 -6 -6 -6 -6 -5 -5 -5 -5 -5 -5 -4 -4 -4 -------- Run | Scr Mat Min Mat Min Exi Min Mat Gar Fac Was Fac Gar Fac Gar Fac Was Fac Low Low Dat Pro Fac Ext Cet Arc Hub Fac Was Fac Total Allies 102 | . . 3 . . . . . 3 5 . . 4 2 9 9 20 1 1 . . 3 . 26 5 . . 8 . 3 Largest Group 21 | . . 3 3 . . . . 3 3 3 3 4 1 4 3 21 21 16 14 12 11 8 18 18 3 3 4 . 3 Highest-Rated Group 769 | . . 40 40 . . . . 45 90 90 90 122 16 85 95 768 769 627 564 505 507 372 649 649 282 282 89 . 138 Highest-Rated Ally 156 | . . 16 16 . . . . 15 32 30 30 32 16 32 41 46 46 46 46 46 94 94 156 140 94 94 47 . 46 Total Orders 27 | . . . . . . . . 2 6 3 . . . 2 1 . . . 1 . . . . 1 5 2 2 . 2 STAY 3 | . . . . . . . . 1 1 . . . . . . . . . . . . . . 1 . . . . . GOTO 10 | . . . . . . . . . 2 . . . . 1 1 . . . . . . . . . 4 1 . . 1 ROAM 1 | . . . . . . . . . . 1 . . . . . . . . . . . . . . . . . . . FOLLOW 8 | . . . . . . . . 1 3 . . . . 1 . . . . . . . . . . 1 1 1 . . AID 1 | . . . . . . . . . . . . . . . . . . . . . . . . . . . 1 . . DROP 1 | . . . . . . . . . . . . . . . . . . . 1 . . . . . . . . . . EXPLORE 3 | . . . . . . . . . . 2 . . . . . . . . . . . . . . . . . . 1 Ally Attacks 1139 | . . 6 18 . . . . 7 55 47 4 18 24 39 80 10 172 62 17 . 117 59 185 104 18 31 40 . 26 Total Damage 28212 | . . 71 197 . . . . 150 1499 2547 67 509 257 765 1755 249 3163 1775 337 . 3285 1667 3514 3262 787 1026 603 . 727 Kills 194 | . . 2 . . . . . 1 14 5 1 9 2 12 15 1 22 11 4 . 19 14 24 21 4 8 1 . 4 Allies Corrupted 6 | . . . . . . . . . . . . . . . 1 . . . . . . . . 3 . . . . 2 Allies Melted . | . . . . . . . . . . . . . . . . . . . . . . . . . . . . . . Intel | -11 -10 -10 -9 -9 -9 -8 -8 -8 -7 -7 -7 -7 -7 -7 -6 -6 -6 -6 -6 -6 -5 -5 -5 -5 -5 -5 -4 -4 -4 ------- Run | Scr Mat Min Mat Min Exi Min Mat Gar Fac Was Fac Gar Fac Gar Fac Was Fac Low Low Dat Pro Fac Ext Cet Arc Hub Fac Was Fac Robot Analysis Total 10 | . 2 . 4 . . . 3 . . . . . . . . . . . . . . . 1 . . . . . . Derelict Logs Recovered 4 | . . 2 . . . . . . . . . . . . . . . . 1 . 1 . . . . . . . . Drone Launches 6 | . . . . . . . . . . 3 . . . . . . . . . . . . . . . . . . 3 Drone Recoveries . | . . . . . . . . . . . . . . . . . . . . . . . . . . . . . . Exploration | -11 -10 -10 -9 -9 -9 -8 -8 -8 -7 -7 -7 -7 -7 -7 -6 -6 -6 -6 -6 -6 -5 -5 -5 -5 -5 -5 -4 -4 -4 ------------- Run | Scr Mat Min Mat Min Exi Min Mat Gar Fac Was Fac Gar Fac Gar Fac Was Fac Low Low Dat Pro Fac Ext Cet Arc Hub Fac Was Fac Turns Passed 34393 | 94 999 899 2455 159 959 740 1412 1171 2060 224 480 1524 2236 1074 1914 443 768 537 540 116 685 2069 1805 810 1234 2101 2419 183 2283 Spaces Moved 17795 | 56 660 443 1003 75 478 331 751 536 1096 108 329 888 1044 663 1104 327 488 338 339 76 396 1122 901 340 316 918 1328 109 1232 Core 2 | 1 . . . . . . . . . . . . . . . . . . . . . . . . . . . . 1 Treads 5819 | . . 396 1003 75 478 331 111 347 52 . . 7 594 2 . . . . . . 21 179 901 340 316 666 . . . Legs 2920 | . . . . . . . . . . . . . . . . . . . . . . . . . . 252 1328 109 1231 Wheels 8884 | 55 660 47 . . . . 640 189 1044 108 329 881 280 661 1104 327 488 338 339 76 375 943 . . . . . . . Hover 170 | . . . . . . . . . . . . . 170 . . . . . . . . . . . . . . . . Flight . | . . . . . . . . . . . . . . . . . . . . . . . . . . . . . . Fastest Speed 50 | 50 100 120 180 200 200 200 120 120 130 130 130 130 130 130 110 120 130 140 140 140 140 130 160 180 180 130 104 135 108 Average Speed 150 | 99 114 183 190 200 200 200 134 180 136 130 136 139 176 135 130 121 139 140 140 140 142 142 160 180 180 166 130 135 135 Slowest Speed 260 | 100 120 200 220 200 200 200 200 192 192 130 140 260 260 220 140 140 140 140 140 140 180 220 180 180 180 190 135 135 180 Overloaded Moves . | . . . . . . . . . . . . . . . . . . . . . . . . . . . . . . Propulsion Burnouts . | . . . . . . . . . . . . . . . . . . . . . . . . . . . . . . Robots Hopped . | . . . . . . . . . . . . . . . . . . . . . . . . . . . . . . Cave-ins Triggered 1 | . . . . . . . . . . . . . . . . . . . . . . . . . . 1 . . . Exploration Rate (%) 57 | 5 96 60 82 29 90 81 57 61 29 91 12 98 31 62 27 92 16 49 61 68 64 18 77 80 87 56 23 81 32 Regions Visited 29 Branch Regions 12 Pre-discovered Areas 6 | . 1 1 1 . 1 . 1 . . . . . 1 . . . . . . . . . . . . . . . . Known Exits Taken 9 | . 1 . 1 . . . 1 . . . 1 . 1 . . . 1 . 1 . 1 1 . . . . . . . Unknown Exits Taken 11 | 1 . 1 . 1 1 1 . . . . . . . . . . . 1 . 1 . . 1 1 1 1 . . . Scrap Searched 9 | . . 1 . 1 . 1 . . . . . . . . . . . 2 . . 4 . . . . . . . . Spaces Dug 130 | . 4 . 16 14 . . 6 . 4 . . . 2 . 16 . 4 . . . 3 13 . . . 14 23 . 11 Terrain Destroyed 1103 | . 6 . 53 23 . 31 34 23 64 . . 102 21 24 97 . 7 9 3 . 26 87 54 21 2 252 133 . 31 Melee 45 | . . . . . . . . . 4 . . . 2 . 1 . 2 . . . . 9 . . . 1 21 . 5 Projectile 319 | . 6 . 22 . . . 34 . . . . 14 4 1 42 . 5 9 3 . 26 13 4 4 2 72 44 . 14 AOE 739 | . . . 31 23 . 31 . 23 60 . . 88 15 23 54 . . . . . . 65 50 17 . 179 68 . 12 Actions | -11 -10 -10 -9 -9 -9 -8 -8 -8 -7 -7 -7 -7 -7 -7 -6 -6 -6 -6 -6 -6 -5 -5 -5 -5 -5 -5 -4 -4 -4 --------- Run | Scr Mat Min Mat Min Exi Min Mat Gar Fac Was Fac Gar Fac Gar Fac Was Fac Low Low Dat Pro Fac Ext Cet Arc Hub Fac Was Fac Total 23093 | 76 809 493 1304 79 484 406 977 658 1483 189 358 1084 1303 791 1434 367 547 373 400 86 480 1428 1176 477 946 1234 1813 134 1704 Wait 2361 | . 41 10 98 . . 72 65 30 182 63 9 50 69 21 119 18 29 17 58 11 35 118 141 14 580 84 195 13 219 Move 17769 | 55 659 442 1002 74 477 330 750 535 1096 107 328 886 1044 662 1104 326 487 337 338 75 395 1121 900 339 315 917 1328 108 1232 Hop . | . . . . . . . . . . . . . . . . . . . . . . . . . . . . . . Pick Up 255 | 6 21 6 19 . 3 . 16 6 14 3 6 12 19 11 15 6 . 1 1 . 2 13 12 7 1 17 23 . 15 Fast Attach 230 | 7 3 2 6 . . . 12 1 22 . . 3 17 5 17 1 1 . . . 2 20 12 13 6 22 16 1 41 Attach 126 | . . 4 8 . . . 8 5 8 . 3 5 10 7 6 1 1 1 . . . 8 8 . . 8 15 1 19 Detach 36 | . . . . . . . . . 1 . 1 2 5 4 . . 1 . . . . 4 2 3 . 3 4 1 5 Swap 247 | . 13 . 19 2 1 2 8 8 20 1 2 10 16 9 13 2 5 1 . . 2 23 16 10 2 10 35 1 16 Drop 388 | . 21 6 17 . 3 . 25 1 27 5 7 10 27 11 33 7 2 1 1 . 5 30 19 19 7 30 34 . 40 Fire 1351 | 8 51 19 134 3 . 2 93 37 95 9 2 65 70 40 104 1 19 14 2 . 18 74 65 67 17 141 111 9 81 Melee 174 | . . . . . . . . 15 10 . . . 6 3 7 5 2 . . . . 16 . 5 18 2 50 . 35 Ram . | . . . . . . . . . . . . . . . . . . . . . . . . . . . . . . Kick . | . . . . . . . . . . . . . . . . . . . . . . . . . . . . . . Crush 8 | . . 2 1 . . . . . . . . . 4 . . . . . . . . . 1 . . . . . . Escape Stasis 119 | . . . . . . . . 20 8 . . 41 16 18 16 . . . . . . . . . . . . . . Rewire 24 | . . . . . . . . . . . . . . . . . . 1 . . 21 . . . . . 2 . . Trap 3 | . . 2 . . . . . . . . . . . . . . . . . . . 1 . . . . . . . Miscellaneous 2 | . . . . . . . . . . 1 . . . . . . . . . . . . . . . . . . 1 Route ------- -11/Scrapyard -10/Materials (discovered 4 exits: *Mat x3 / *Min) -10/Mines -9/Materials (discovered 5 exits: *Mat x3 / *Min / *Sto) -9/Mines (discovered 2 exits: *Exi / [*Zio]) -9/Exiles -8/Mines -8/Materials (discovered 3 exits: *Fac x2 / Gar) -8/Garrison (discovered 2 exits: *Fac x2) -7/Factory (discovered 3 exits: *Fac x2 / [*Low]) -7/Waste -7/Factory (discovered 2 exits: *Fac / Gar) -7/Garrison (discovered 3 exits: *Fac x3) -7/Factory (discovered 2 exits: [*Low] / Gar) -7/Garrison (discovered 3 exits: *Fac x3) -6/Factory -6/Waste -6/Factory (discovered 2 exits: *Fac / *Low) -6/Lower Caves -6/Lower Caves -6/Data Miner -5/Proximity Caves -5/Factory (discovered 4 exits: Upp x2 / *Ext x2) -5/Extension (discovered 2 exits: *Fac / *Cet) -5/Cetus (discovered 3 exits: *Fac x2 / *Arc) -5/Archives (discovered 3 exits: *Fac / *Hub x2) -5/Hub_04(d) (discovered 3 exits: *Fac x3) -4/Factory (discovered 3 exits: *Upp x2 / Gar) -4/Waste -4/Factory (discovered 1 exit: *Upp) History --------- Turn | Location | Event 11 | -11/Scrapyard | Discovered new exit (range 15) 95 | -11/Scrapyard | Entered Materials 324 | -10/Materials | Build established: Mutant 379 | -10/Materials | Discovered new exit (range 15) 547 | -10/Materials | Discovered new exit (range 4) 738 | -10/Materials | Central database locked down 791 | -10/Materials | Discovered new exit (range 16) 896 | -10/Materials | Identified exit to Mines 970 | -10/Materials | Discovered new exit (range 16) 1094 | -10/Materials | Entered Mines 1100 | -10/Mines | Assembled infested the area 1101 | -10/Mines | Received a Rocket Launcher from a helpful Derelict 1131 | -10/Mines | Met a Derelict bent on vengeance 1200 | -10/Mines | Found a hidden stash of uninstalled traps 1413 | -10/Mines | Met a Derelict shopkeep closing up shop 1635 | -10/Mines | Learned 2 Materials zone layouts 1744 | -10/Mines | A weapon hastily lodged in a ceiling crevice suddenly fell to the ground 1830 | -10/Mines | Assisted by bots powering up and referring to "LRC-V3" 1834 | -10/Mines | Learned location of Mines (-8) 1974 | -10/Mines | Discovered new exit (range 5) 1993 | -10/Mines | Entered Materials 1993 | -9/Materials | Accompanied by 3 allies 1993 | -9/Materials | Evolved 2 slots: Utility x2 2296 | -9/Materials | Build established: Hauler-Mutant 2530 | -9/Materials | Discovered new exit (range 14) 2902 | -9/Materials | Identified exit to Mines 2902 | -9/Materials | Identified exit to Storage 3160 | -9/Materials | Discovered new exit (range 14) 3926 | -9/Materials | Discovered new exit (range 4) 4190 | -9/Materials | Core integrity fell below 50% 4387 | -9/Materials | Repaired Broken Scythe 4448 | -9/Materials | Entered Mines 4523 | -9/Mines | A Derelict revealed a hidden shortcut to a safe place 4597 | -9/Mines | Deemed a non-threat by the Exiles lab entrance 4599 | -9/Mines | Discovered new exit (range 5) 4607 | -9/Mines | Entered Exiles 4664 | -9/Exiles | Met 8R-AWN 4694 | -9/Exiles | Met EX-HEX 4796 | -9/Exiles | Met EX-DEC 4843 | -9/Exiles | Visited The Gauntlet 5086 | -9/Exiles | Learned location of Zion (-7) 5126 | -9/Exiles | Met EX-BIN 5224 | -9/Exiles | Aligned with FarCom system 5226 | -9/Exiles | Given EX-Vault access code 5272 | -9/Exiles | Opened EX-Vault 5296 | -9/Exiles | Found Firepult 5340 | -9/Exiles | Warned to stay clear of 0b10 Research branches 5544 | -9/Exiles | Discovered new exit (range 14) 5566 | -9/Exiles | Left Exiles lab with Firepult 5566 | -9/Exiles | Entered Mines 6276 | -8/Mines | Discovered new exit (range 13) 6306 | -8/Mines | Entered Materials 6306 | -8/Materials | Evolved 2 slots: Propulsion x1, Utility x1 6778 | -8/Materials | Discovered new exit (range 5) 6796 | -8/Materials | Repaired Hvy. Ion Engine 7161 | -8/Materials | Lost 4 parts (2u2w) 7453 | -8/Materials | Discovered new exit (range 15) 7690 | -8/Materials | Identified exit to Garrison 7718 | -8/Materials | Entered Garrison 7846 | -8/Garrison | Triggered checkpoint 7924 | -8/Garrison | Discovered new exit (range 15) 8078 | -8/Garrison | Triggered checkpoint 8157 | -8/Garrison | Lost 3 parts (1n2w) 8232 | -8/Garrison | Discovered new exit (range 12) 8274 | -8/Garrison | Installed Relay Interface Framework 8330 | -8/Garrison | Triggered checkpoint 8443 | -8/Garrison | Garrison Relay disabled 8676 | -8/Garrison | Triggered checkpoint 8721 | -8/Garrison | Garrison Relay disabled 8889 | -8/Garrison | Entered Factory 8889 | -7/Factory | Accompanied by 2 allies 8889 | -7/Factory | Evolved 2 slots: Utility x1, Weapon x1 8944 | -7/Factory | Discovered new exit (range 15) 9203 | -7/Factory | Discovered new exit (range 13) 9972 | -7/Factory | Discovered new exit (range 15) 10089 | -7/Factory | First assault squad dispatched 10373 | -7/Factory | Lost 5 parts (1u4w) 10490 | -7/Factory | Repaired Remote Datajack 10577 | -7/Factory | Destroyed 10 combat bots 10783 | -7/Factory | Repaired Arm. Huge Wheel 10932 | -7/Factory | Fabricated L-41 Fighter (x3) 10949 | -7/Factory | Sucked down chute 10949 | -7/Factory | Entered Waste 10959 | -7/Waste | Spotted C-40 Crusher 10964 | -7/Waste | EMP discharged 11020 | -7/Waste | 3 allies followed down the chute 11030 | -7/Waste | Spotted C-40 Crusher 11056 | -7/Waste | Spotted C-40 Crusher 11056 | -7/Waste | Spotted C-40 Crusher 11056 | -7/Waste | Spotted C-40 Crusher 11064 | -7/Waste | EMP discharged 11064 | -7/Waste | System corruption reached 10% 11064 | -7/Waste | Spotted C-40 Crusher 11100 | -7/Waste | Discovered new exit (range 12) 11140 | -7/Waste | Allies destroyed C-40 Crusher 11155 | -7/Waste | Allies destroyed C-40 Crusher 11164 | -7/Waste | EMP discharged 11169 | -7/Waste | Found Damper Plating 11173 | -7/Waste | Entered Factory 11173 | -7/Factory | Accompanied by 3 allies 11283 | -7/Factory | Discovered new exit (range 5) 11608 | -7/Factory | Identified exit to Garrison 11653 | -7/Factory | Entered Garrison 11653 | -7/Garrison | Accompanied by 3 allies 11678 | -7/Garrison | Triggered checkpoint 11696 | -7/Garrison | Garrison Relay disabled 11774 | -7/Garrison | Triggered checkpoint 11784 | -7/Garrison | Triggered checkpoint 11815 | -7/Garrison | Triggered checkpoint 11827 | -7/Garrison | Triggered checkpoint 12005 | -7/Garrison | Discovered new exit (range 12) 12092 | -7/Garrison | Triggered checkpoint 12112 | -7/Garrison | Garrison Relay disabled 12231 | -7/Garrison | Discovered new exit (range 12) 12258 | -7/Garrison | Expanded RIF knowledge: Program Shield 12322 | -7/Garrison | Triggered checkpoint 12381 | -7/Garrison | Garrison Relay disabled 12638 | -7/Garrison | Triggered checkpoint 12655 | -7/Garrison | Garrison Relay disabled 12726 | -7/Garrison | Phase Generator disabled 12785 | -7/Garrison | Discovered new exit (range 15) 12967 | -7/Garrison | Build established: Bothacker-Mutant 13177 | -7/Garrison | Entered Factory 14031 | -7/Factory | Build established: Bothacker-Skirmisher 14191 | -7/Factory | Found Powered Armor 14346 | -7/Factory | Discovered new exit (range 12) 14347 | -7/Factory | Build established: Bothacker-Mutant 14565 | -7/Factory | Core integrity fell below 50% 14637 | -7/Factory | Lost 3 parts (3w) 14926 | -7/Factory | Build established: Bothacker-Skirmisher 15343 | -7/Factory | Build established: Bothacker-Mutant 15413 | -7/Factory | Identified exit to Garrison 15413 | -7/Factory | Entered Garrison 15432 | -7/Garrison | Triggered checkpoint 15461 | -7/Garrison | Garrison Relay disabled 15538 | -7/Garrison | Triggered checkpoint 15595 | -7/Garrison | Triggered checkpoint 15603 | -7/Garrison | Triggered checkpoint 15617 | -7/Garrison | Triggered checkpoint 15732 | -7/Garrison | Discovered new exit (range 12) 15834 | -7/Garrison | Triggered checkpoint 15884 | -7/Garrison | Garrison Relay disabled 16003 | -7/Garrison | Discovered new exit (range 8) 16186 | -7/Garrison | Discovered new exit (range 10) 16208 | -7/Garrison | Expanded RIF knowledge: Coupler Efficiency 16487 | -7/Garrison | Entered Factory 16487 | -6/Factory | Evolved 2 slots: Propulsion x1, Utility x1 16652 | -6/Factory | Repaired Powered Armor 16988 | -6/Factory | Fabricated H-66 Slayer (x2) 17149 | -6/Factory | Discovered new exit (range 14) 17187 | -6/Factory | First assault squad dispatched 18401 | -6/Factory | Sucked down chute 18401 | -6/Factory | Entered Waste 18402 | -6/Waste | Joined by Warlord forces that had cleared the area 18410 | -6/Waste | 4 allies followed down the chute 18618 | -6/Waste | Build established: Hauler-Mutant 18645 | -6/Waste | Found Damper Plating 18710 | -6/Waste | A Compactor rumbled back to life 18710 | -6/Waste | Spotted C-40 Crusher 18713 | -6/Waste | Allies destroyed C-40 Crusher 18810 | -6/Waste | Discovered new exit (range 10) 18844 | -6/Waste | Entered Factory 18844 | -6/Factory | Accompanied by 21 allies 19194 | -6/Factory | First assault squad dispatched 19261 | -6/Factory | Discovered new exit (range 23) 19347 | -6/Factory | Identified exit to Factory 19456 | -6/Factory | Discovered new exit (range 14) 19485 | -6/Factory | Identified exit to Lower Caves 19612 | -6/Factory | Entered Lower Caves 19612 | -6/Lower Caves | Accompanied by 15 allies 19739 | -6/Lower Caves | Attracted the attention of an 0b10 checkpoint 19983 | -6/Lower Caves | Discovered new exit (range 7) 20124 | -6/Lower Caves | Build established: Hauler-Tank 20149 | -6/Lower Caves | Entered another Lower Caves area 20149 | -6/Lower Caves | Accompanied by 14 allies 20365 | -6/Lower Caves | Identified exit to Data Miner 20534 | -6/Lower Caves | Encountered a Warlord checkpoint 20689 | -6/Lower Caves | Entered Data Miner 20689 | -6/Data Miner | Accompanied by 12 allies 20689 | -6/Data Miner | Discovered new exit (range 6) 20716 | -6/Data Miner | Met Data Miner 20759 | -6/Data Miner | Received God Mode back door access code from Data Miner 20805 | -6/Data Miner | Entered Proximity Caves 20805 | -5/Proximity Caves | Accompanied by 12 allies 20973 | -5/Proximity Caves | Spotted B-75 Beast 20974 | -5/Proximity Caves | Destroyed B-75 Beast 20975 | -5/Proximity Caves | Escorted by Enhanced Grunt 21042 | -5/Proximity Caves | Attracted the attention of an 0b10 outpost 21490 | -5/Proximity Caves | Entered Factory 21490 | -5/Factory | Accompanied by 8 allies 21490 | -5/Factory | Evolved 2 slots: Power x1, Utility x1 21652 | -5/Factory | Found Tesla Bomb Launcher 21798 | -5/Factory | P-70 Sage assimilated allied Fighter 6a 21807 | -5/Factory | P-70 Sage assimilated allied Sentinel 6a 21887 | -5/Factory | Identified exit to Upper Caves 21887 | -5/Factory | Identified exit to Extension 22124 | -5/Factory | Build established: Hauler-Mutant 22453 | -5/Factory | Found Tesla Bomb Launcher 22592 | -5/Factory | System corruption reached 10% 22690 | -5/Factory | First assault squad dispatched 22710 | -5/Factory | Incoming assault squad redirected 22858 | -5/Factory | Destroyed 8 combat bots 23133 | -5/Factory | Build established: Hauler-Skirmisher 23391 | -5/Factory | Lost 3 parts (1n1u1w) 23559 | -5/Factory | Entered Extension 23658 | -5/Extension | Repaired Powered Armor 23734 | -5/Extension | Disrupted transfer network 23963 | -5/Extension | Rescued a captive Derelict 23963 | -5/Extension | Rescued a captive Derelict 23985 | -5/Extension | Rescued a captive Derelict 24126 | -5/Extension | Rescued A7 24161 | -5/Extension | Rescued a captive Derelict 24189 | -5/Extension | Rescued a captive Derelict 24189 | -5/Extension | Rescued a captive Derelict 24389 | -5/Extension | Build established: Hauler-Mutant 24569 | -5/Extension | Spotted B-75 Beast 24574 | -5/Extension | Destroyed B-75 Beast 24607 | -5/Extension | Destroyed B-75 Beast 24998 | -5/Extension | Rescued a captive Derelict 24999 | -5/Extension | Rescued a captive Derelict 25157 | -5/Extension | Rescued a captive Derelict 25158 | -5/Extension | Rescued a captive Derelict 25176 | -5/Extension | Rescued a captive Derelict 25197 | -5/Extension | Rescued a captive Derelict 25198 | -5/Extension | Central database locked down 25198 | -5/Extension | Rescued a captive Derelict 25219 | -5/Extension | Rescued a captive Derelict 25229 | -5/Extension | Rescued a captive Derelict 25282 | -5/Extension | Discovered new exit (range 10) 25284 | -5/Extension | Discovered new exit (range 6) 25364 | -5/Extension | Entered Cetus 25364 | -5/Cetus | Accompanied by 18 allies 25369 | -5/Cetus | Acquired a Cetus Manufacturing Module code from A7 25386 | -5/Cetus | Spotted Cetus Guard 25386 | -5/Cetus | Spotted Cetus Guard 25387 | -5/Cetus | Spotted Cetus Guard 25392 | -5/Cetus | Spotted Cetus Guard 25399 | -5/Cetus | Allies destroyed Cetus Guard 25401 | -5/Cetus | Allies destroyed Cetus Guard 25406 | -5/Cetus | Allies destroyed Cetus Guard 25409 | -5/Cetus | Allies destroyed Cetus Guard 25503 | -5/Cetus | Discovered new exit (range 15) 25643 | -5/Cetus | Started Cetus Manufacturing Module 25658 | -5/Cetus | Escorted A7 to Cetus Mainframe 25668 | -5/Cetus | Manufactured an Enhanced Grunt 25692 | -5/Cetus | Discovered new exit (range 16) 25693 | -5/Cetus | Manufactured an Enhanced Grunt 25718 | -5/Cetus | Manufactured an Enhanced Grunt 25724 | -5/Cetus | Spotted Cetus Guard 25724 | -5/Cetus | Spotted Cetus Guard 25727 | -5/Cetus | Spotted Cetus Guard 25727 | -5/Cetus | Spotted Cetus Guard 25734 | -5/Cetus | Allies destroyed Cetus Guard 25736 | -5/Cetus | Destroyed Cetus Guard 25740 | -5/Cetus | Destroyed Cetus Guard 25740 | -5/Cetus | Allies destroyed Cetus Guard 25743 | -5/Cetus | Manufactured an Enhanced Grunt 25746 | -5/Cetus | Discovered new exit (range 15) 25767 | -5/Cetus | Met Revision 17 25768 | -5/Cetus | Manufactured an Enhanced Grunt 25845 | -5/Cetus | Found Med. Regenerative Plating 25966 | -5/Cetus | Destroyed A7 25969 | -5/Cetus | Extracted ID and sensor layout for unrecognized location from A7's data core 25990 | -5/Cetus | Found Prototype Device 25990 | -5/Cetus | Identified Exp. Thermal Shield 26174 | -5/Cetus | Entered Archives 26174 | -5/Archives | Accompanied by 3 allies 26234 | -5/Archives | Unable to access archive contents 26364 | -5/Archives | Discovered new exit (range 16) 26406 | -5/Archives | Build established: Scavenger-Mutant 26471 | -5/Archives | Discovered new exit (range 15) 26546 | -5/Archives | Discovered new exit (range 16) 27408 | -5/Archives | Entered Hub_04(d) 27408 | -5/Hub_04(d) | Accompanied by 3 allies 27428 | -5/Hub_04(d) | Discovered new exit (range 15) 27567 | -5/Hub_04(d) | Discovered new exit (range 35) 27825 | -5/Hub_04(d) | Build established: Hauler-Mutant 28082 | -5/Hub_04(d) | Crushed by falling debris 28088 | -5/Hub_04(d) | Destroyed 9 combat bots 28109 | -5/Hub_04(d) | Core integrity fell below 50% 28129 | -5/Hub_04(d) | Lost 7 parts (1p4u2w) 28731 | -5/Hub_04(d) | Network Hub disabled 28810 | -5/Hub_04(d) | Spotted Lightning 28816 | -5/Hub_04(d) | Spotted Lightning 28818 | -5/Hub_04(d) | Spotted Lightning 28874 | -5/Hub_04(d) | Destroyed Lightning 28880 | -5/Hub_04(d) | Destroyed Lightning 28885 | -5/Hub_04(d) | Spotted Lightning 28886 | -5/Hub_04(d) | Spotted Lightning 28888 | -5/Hub_04(d) | Destroyed Lightning 28908 | -5/Hub_04(d) | Destroyed Lightning 28931 | -5/Hub_04(d) | Discovered new exit (range 15) 28951 | -5/Hub_04(d) | Destroyed Lightning 28976 | -5/Hub_04(d) | Destroyed Lightning 29050 | -5/Hub_04(d) | Found Prototype Energy Cannon 29054 | -5/Hub_04(d) | Found Prototype Energy Cannon 29058 | -5/Hub_04(d) | Found Prototype Processor 29058 | -5/Hub_04(d) | Identified Exp. Targeting Computer 29093 | -5/Hub_04(d) | Found Prototype Device 29093 | -5/Hub_04(d) | Identified Exp. Phase Shifter 29101 | -5/Hub_04(d) | Found Exp. Targeting Computer 29150 | -5/Hub_04(d) | Build established: Scavenger-Tank 29208 | -5/Hub_04(d) | First assault squad dispatched 29382 | -5/Hub_04(d) | Spotted Lightning 29509 | -5/Hub_04(d) | Entered Factory 29509 | -4/Factory | Evolved 2 slots: Propulsion x1, Utility x1 29517 | -4/Factory | Identified exit to Garrison 29802 | -4/Factory | P-70 Sage assimilated allied Virus 7a 29809 | -4/Factory | First assault squad dispatched 29816 | -4/Factory | Discovered new exit (range 9) 29835 | -4/Factory | Incoming assault squad redirected 29853 | -4/Factory | Build established: Scavenger-Mutant 29889 | -4/Factory | Found Exp. ECM Suite 29926 | -4/Factory | Identified exit to Upper Caves 29994 | -4/Factory | Repaired Centrium Medium Armor Plating? 30618 | -4/Factory | Incoming assault squad redirected 30711 | -4/Factory | Build established: Scavenger-Gunner 30741 | -4/Factory | Incoming investigation squad redirected 30775 | -4/Factory | Incoming assault squad redirected 30819 | -4/Factory | Fabricated S-27 Virus? 30887 | -4/Factory | Fabricated Tesla Bomb Launcher (x1) 31293 | -4/Factory | Spotted B-86 Titan 31368 | -4/Factory | Destroyed 7 combat bots 31539 | -4/Factory | Incoming assault squad redirected 31539 | -4/Factory | Incoming assault squad redirected 31587 | -4/Factory | Found Prototype Hackware 31629 | -4/Factory | Incoming assault squad redirected 31724 | -4/Factory | Identified EMDS 31890 | -4/Factory | Garrison activated, responded to threat 31919 | -4/Factory | Incoming assault squad redirected 31928 | -4/Factory | Sucked down chute 31928 | -4/Factory | Entered Waste 31943 | -4/Waste | EMP discharged 31943 | -4/Waste | System corruption reached 10% 31945 | -4/Waste | Lost 3 parts (1p1n1w) 31978 | -4/Waste | Spotted C-40 Crusher 31998 | -4/Waste | Destroyed C-40 Crusher 32000 | -4/Waste | Spotted C-40 Crusher 32002 | -4/Waste | Spotted C-40 Crusher 32003 | -4/Waste | Spotted C-40 Crusher 32013 | -4/Waste | Destroyed C-40 Crusher 32013 | -4/Waste | Destroyed C-40 Crusher 32015 | -4/Waste | Destroyed C-40 Crusher 32019 | -4/Waste | Build established: Scavenger-Mutant 32031 | -4/Waste | Spotted C-40 Crusher 32036 | -4/Waste | Destroyed C-40 Crusher 32037 | -4/Waste | Spotted C-40 Crusher 32042 | -4/Waste | Destroyed C-40 Crusher 32043 | -4/Waste | EMP discharged 32090 | -4/Waste | Discovered new exit (range 13) 32111 | -4/Waste | Entered Factory 32546 | -4/Factory | Found Quantum Capacitor 32782 | -4/Factory | Lost 4 parts (1p1n2w) 33293 | -4/Factory | Discovered exit to Upper Caves (range 9) 33751 | -4/Factory | Allied Derelicts emerged from ambush trap array 34015 | -4/Factory | Lost 4 parts (1n2u1w) 34076 | -4/Factory | Lost 3 parts (1n2w) 34092 | -4/Factory | Destroyed 7 combat bots 34359 | -4/Factory | Spotted B-86 Titan 34374 | -4/Factory | Core integrity fell below 50% 34379 | -4/Factory | Destroyed B-86 Titan 34387 | -4/Factory | Incoming assault squad redirected 34389 | -4/Factory | Core integrity fell below 20% 34394 | -4/Factory | Destroyed by L-61 Swordsman with Power Sword Last Messages --------------- 34390_ P-70 Sage resets G-67 Veteran, system corruption cleaned. 34390_ Plasma Sword destroyed. 34390_ K-01 Serf collects debris. 34390_ Tesla Bomb Launcher destroyed. 34390_ Hcp. Storage Unit destroyed. 34391_ Extracted 22 energy. 34391_ U-05 Engineer lays Concrete. 34391_ Dropped Lrg. Storage Unit. 34391_ P-70 Sage resets L-61 Swordsman, system corruption cleaned. 34391_ K-01 Serf collects debris. 34392_ Extracted 2 energy. 34392_ R-10 Processor heat damages Field Recycling Unit. 34392_ G-73 Enforcer destroyed. 34393_ U-05 Engineer lays Concrete. 34393_ P-70 Sage resets G-67 Veteran, system corruption cleaned. 34393_ G-67 Veteran IFF system glitched. 34393_ K-01 Serf cleans the Subcomponent Replicator. 34393_ Acquired Adv. Hacking Suite. 34393_ Imp. Target Analyzer destroyed. 34394_ U-05 Engineer lays Concrete. Map ----- +----------------------------------------------------+ | ## # ??????????????????????? | | ! ## # """"""?????????????????????????? | | ## #????????????????????????????????? | | #######"# #????????????????????????????????? | | ??????### #????????????????????????????????? | | ???????## #????????????????????????????????? | | ????????# #????????????????????????????????? | | ????????# #????????????????????????????????? | | ????????# #????????????????????????????????? | | ????????# ##############???????????????????? | | ?######## # #???????????????????? | | # #???????????????????? | | # #???????????????????? | | T " # #???????????????????? | | ###### "" # #???????????????????? | | ?????# """ / #?????? ????????????? | | ?????# """ # #????? ???????????? | | ?????# """ g# #???? ??????????? | | ?????# # #??? " ??????????? | | ?????# "" # #?? ??????????? | | ?????# "" # #? ?????????? | | ?????# """ #########g####!g ?????????? | | ?????? ?? """ k ]gp ]= [%ggg ????????? | | ????????? """ !!!! ! g R????????? | | ??????? ! g !|l!! % ????????? | | ?????? % !@!/ = ????????? | | ??????? != g ! """??????????? | | ??????? u b "" """???????????? | | ?????? = k ???????????? | | ??????? ######### """"" """" """"??????????? | | ???????????????#%* """"" """"" ??????????????? | | ???????????????# """ """ ??????????????? | | ???????????????###! ????????????????? | | ?????????????????# """"" """?????????????????? | | ?????????????????# ???"" """?????????????????? | | ?????????????????# ????? ????????????????????? | | ?????????????????# ??????????????????????????? | | ?????????????????# ? ???????????????????????????? | | ???????????????????? ???????????????????????????? | | ????????????????????? ???????????????????????????? | | ?????????????????????????????????????????????????? | | ?????????????????????????????????????????????????? | | ?????????????????????????????????????????????????? | | ?????????????????????????????????????????????????? | | ?????????????????????????????????????????????????? | | ?????????????????????????????????????????????????? | | ?????????????????????????????????????????????????? | | ?????????????????????????????????????????????????? | | ?????????????????????????????????????????????????? | | ?????????????????????????????????????????????????? | +----------------------------------------------------+ Best States ------------- Heat Dissipation 97 Coolant Potential 100 Energy Generation 54 Energy Capacity 1040 Matter Stores 500 Matter Capacity 500 Sight Range 16 Terrain Scan Density 10 ECM Strength 5 Jamming Range 8 Power Amplification 30 Base Temperature (-) 150 EM Shielding 4 Armor Coverage 1425 Resistance: KI 30 Resistance: TH 30 Resistance: EM 90 Core Shielding 20 Utility Shielding 66 Weapon Shielding 66 Thermal Conversion 60 Weapon Cycling 20 Melee Speed Boost 30 Phase Shifting 20 Evasion (%) 60 Targeting Accuracy 12 Target Analysis 6 Recoil Reduction 4 Particle Charging 25 Offensive Hacking 10 Item Schematics ----------------- Cmb. Airjet | -9/Materials | Scanalyzed Hacking Suite | -9/Materials | Scanalyzed Lrg. Storage Unit | -9/Materials | Scanalyzed Scythe | -9/Materials | Scanalyzed Lgt. Fission Core | -8/Materials | Scanalyzed Propulsion Shielding | -8/Materials | Scanalyzed KE Penetrator | -6/Factory | Hacked Combat Drone Bay | -6/Data Miner | Free Lgt. Regenerative Plating | -6/Data Miner | Free Cmb. Gravmag System | -6/Data Miner | Free Exp. Cesium-ion Thruster | -6/Data Miner | Free Triangulator | -6/Data Miner | Free Exp. ECM Suite | -6/Data Miner | Free Powered Armor | -5/Factory | Scanalyzed Imp. Propulsion Shielding | -5/Factory | Scanalyzed Remote Datajack | -5/Factory | Scanalyzed Tesla Bomb Launcher | -5/Factory | Scanalyzed Robot Schematics ------------------ O-24 Administrator | -8/Materials | Hacked M-28 Smith | -8/Materials | Hacked S-27 Virus | -7/Factory | Hacked G-50 Soldier | -6/Data Miner | Free G-67 Veteran | -6/Data Miner | Free L-41 Fighter | -6/Data Miner | Free X-72 Disruptor | -6/Data Miner | Free P-70 Sage | -6/Data Miner | Free I-36 Angel | -6/Data Miner | Free I-47 Archangel | -6/Data Miner | Free Fabricated ------------ L-41 Fighter | x3 | -7/Factory | Preloaded H-66 Slayer | x2 | -6/Factory | Preloaded S-27 Virus | x4 | -4/Factory Tesla Bomb Launcher | x1 | -4/Factory Alien Tech Used ----------------- None Achievements -------------- None Challenges ------------ None Game ------ Seed ForceBombardmentTendrils Manual? 0 Play Time 05:08:07 Cumulative 341.4 hours Start 2020.03.03 @ 23:49:06 End 2020.03.06 @ 17:54:27 Sessions 3 Manual Loads 0 Difficulty Rogue Special Mode None Game No. 243 Rogue 243 Adventurer 0 Explorer 0 Win Type - Total 3 Types 3/0/0/0/0/0/0 Lore% 76 Gallery% 83 Achievement% 61 Wizard Run 0 Options --------- ASCII 0 Keyboard 0 Movement Mouse Keybinds 1 Fullscreen 2 Font 24/Smallcaps Map View 76x50 Tactical HUD 1 Map Filters NONE Filters NONE Steam 1 RUN: 3169d454-694a-41f3-a36c-ad98641b8759